 Dungeon Sprint DCSS version 0.29.1-15-g9cfb28693d (webtiles) character file.

Game seed: 3889531321519733606

10500 Groucho the Eclecticist (level 11, 0/54 (55) HPs)
             Began as a Spriggan Enchanter on May 7, 2023.
             Was the Champion of Dithmenos.
             Slain by a shadow dragon (16 damage)
             ... in the Dungeon (Sprint I: "Red Sonja").
             The game lasted 00:11:51 (2281 turns).

Groucho the Eclecticist (Spriggan Enchanter)        Turns: 2281, Time: 00:11:52

HP:   0/54 (55)     AC:  4    Str:  8    XL:     11   Next: 37%
MP:   28/32         EV: 27    Int: 18    God:    Dithmenos [******]
Gold: 1371          SH:  0    Dex: 15    Spells: 29/43 levels left

rFire   + . .      SeeInvis +   q - +1 dagger (venom)
rCold   . . .      Faith    .   (no shield)
rNeg    . . .      Spirit   .   b - +0 robe
rPois   +          Reflect  .   e - +2 hat
rElec   .          Harm     .   (no cloak)
rCorr   .          Rampage  .   (gloves unavailable)
Will    +....      NoTele   +   (boots unavailable) Stlth *+++++++++
                                (no amulet)
HPRegen 0.18/turn               m - ring of protection from fire
MPRegen 0.23/turn               n - ring of poison resistance

@: confusing by touch, wreathed by umbra, lightly drained, invisible, very quick
A: very small, no large weapons, unfitting armour, see invisible, speed 3
a: Renounce Religion, Shadow Step, Shadow Form


You were in the Dungeon.
You worshipped Dithmenos.
Dithmenos was exalted by your worship.
You visited 1 branch You collected 1981 gold pieces.
You spent 610 gold pieces at shops.

Inventory:

Hand Weapons
 a - a +1 dagger
 q - a +1 dagger of venom (weapon)
Missiles
 k - 17 stones (quivered)
Armour
 b - a +0 robe (worn)
 e - a +2 hat (worn)
Jewellery
 m - a ring of protection from fire (left hand)
 n - a ring of poison resistance (right hand)
Wands
 h - a wand of flame (15)
 p - a wand of mindburst (9)
Scrolls
 i - a scroll of magic mapping {unknown}
 j - a scroll of immolation {unknown}
 l - a scroll of summoning {unknown}
 o - 5 scrolls of identify {unknown}
Potions
 c - a potion of invisibility
 d - a potion of curing
 f - 2 potions of haste
 g - 3 potions of magic


   Skills:
 + Level 5.1 Fighting
 - Level 10.0 Short Blades
 + Level 16.3 Dodging
 - Level 15.0 Stealth
 + Level 16.9 Spellcasting
 - Level 14.0 Hexes
 + Level 6.2 Ice Magic
 + Level 8.9 Invocations


You had 29 spell levels left.
You knew the following spells:

 Your Spells              Type           Power      Damage    Failure   Level
a - Ensorcelled Hibernat  Hex/Ice        100%       N/A       1%          2
b - Confusing Touch       Hex            60%        N/A       1%          3
c - Dazzling Flash        Conj/Hex       80%        N/A       1%          3
d - Tukima's Dance        Hex            60%        N/A       1%          3
e - Frozen Ramparts       Ice            74%        1d12      1%          3

Your spell library contained the following spells:

 Spells                   Type           Power      Damage    Failure   Level
 Ice Form                 Ice/Tmut       26%        N/A       11%         4
 Summon Ice Beast         Ice/Summ       26%        N/A       11%         4


Dungeon Overview and Level Annotations

Branches:
Dungeon (1/1)

Altars:
Cheibriados
Dithmenos
Elyvilon
Fedhas
Gozag
Hepliaklqana
Kikubaaqudgha
Makhleb
Nemelex Xobeh
Okawaru
Qazlal
Ru
Sif Muna
Trog
Uskayaw
Vehumet
Wu Jian
Xom
Yredelemnul
Zin
The Shining One
Jiyva
Lugonu

Shops:
D !=*((=:(*(:*(!?[:


Innate Abilities, Weirdness & Mutations

You are very small and have problems with some larger weapons.
You are too small for most types of armour.
You have supernaturally acute eyesight. (SInv)
You cover ground extremely quickly. (Speed+++)


Message History

The shadow dragon completely misses you.
The shadow dragon misses you. x2
The golden dragon completely misses you.
The golden dragon claws you! The golden dragon barely misses you.
There is an open door here.
You open the door.
There is an open door here.
You see here a +0 dagger.
Okay, then.
You fade into invisibility!
Casting: Frozen Ramparts (safe; 1% risk of failure)
Confirm with . or Enter, or press ? or * to list all spells.
Your hands begin to glow red.
You are too injured to fight recklessly!
You are too injured to fight recklessly!
You feel better.
You hit the shadow dragon but do no damage.
Your shadow hits the shadow dragon but does no damage.
You hit the shadow dragon but do no damage.
The shadow dragon is engulfed in a cloud of scalding steam.
The shadow dragon bites you!
You feel drained.
The shadow dragon completely misses you.
The shadow dragon claws you.
* * * LOW HITPOINT WARNING * * *
You hit the shadow dragon but do no damage.
The shadow dragon is lightly wounded.
Your shadow hits the shadow dragon but does no damage.
Unknown command.
You hit the shadow dragon but do no damage.
The shadow dragon is lightly wounded.
The shadow dragon breathes negative energy at you.
The bolt of negative energy misses you.
Unknown command.
You closely miss the shadow dragon.
The shadow dragon is lightly wounded.
You hit the shadow dragon but do no damage.
The shadow dragon is lightly wounded.
Your shadow hits the shadow dragon but does no damage.
The shadow dragon bites you!
You die...

###################
§÷§§§..§§§#§§'§§§§#
#÷÷§.§##..'..#§§@§##
##§§.#######+#§§D§.#
.###+# #§§§§§# .#y#
##§.§§# .### ###§##
...# #.####+# ...#
##'#§§.§# ++##
##§§.§§§§§#
#..§§§..§.§


You could see a shadow dragon (catching breath).

Vanquished Creatures
  A lorocyproca (D)
  A hydra (D)
  2 centaur warriors (D)
  Sonja (D)
  A deep troll (D)
  A lindwurm (D)
  An oklob plant (D)
  A gargoyle (D)
  2 kobold demonologists (D)
  2 unseen horrors (D)
  4 demonic crawlers (D)
  A hornet (D)
  A slime creature (D)
  Sigmund (D)
  13 hogs (D)
  2 redbacks (D)
  A yak (D)
  3 floating eyes (D)
  An ogre (D)
  7 necrophages (D)
  8 jellies (D)
  Ijyb (D)
56 creatures vanquished.

Vanquished Creatures (others)
  2 ballistomycete spores (D)
2 creatures vanquished.

Grand Total: 58 creatures vanquished

Notes
Turn   | Place    | Note
-------+----------+-------------------------------------------
     0 | D        | Groucho the Spriggan Enchanter began the quest for the Orb.
     0 | D        | Reached XP level 1. HP: 9/9 MP: 5/5
     2 | D        | Noticed Ijyb
    13 | D        | Killed Ijyb
    14 | D        | Reached skill level 5 in Hexes
    14 | D        | Reached XP level 2. HP: 13/13 MP: 6/8
   170 | D        | Learned a level 2 spell: Ensorcelled Hibernation
   175 | D        | Noticed an ogre
   185 | D        | Killed an ogre
   186 | D        | Reached XP level 3. HP: 16/16 MP: 4/11
   186 | D        | Reached XP level 4. HP: 21/21 MP: 4/13
   254 | D        | Noticed Sigmund
   256 | D        | Killed Sigmund
   257 | D        | Reached XP level 5. HP: 24/24 MP: 14/16
   257 | D        | Reached XP level 6. HP: 28/28 MP: 14/17
   276 | D        | Found a shimmering blue altar of Sif Muna.
   277 | D        | Found an ornate altar of the Wu Jian Council.
   278 | D        | Found a radiant altar of Vehumet.
   317 | D        | Found Puiwaumay's Jewellery Emporium.
   317 | D        | Found an ancient bone altar of Kikubaaqudgha.
   317 | D        | Found a hazy altar of Hepliaklqana.
   317 | D        | Found a hide-covered altar of Uskayaw.
   317 | D        | Found a basalt altar of Yredelemnul.
   317 | D        | Found an opulent altar of Gozag.
   317 | D        | Found a snail-covered altar of Cheibriados.
   317 | D        | Found a sacrificial altar of Ru.
   317 | D        | Found a shadowy altar of Dithmenos.
   317 | D        | Noticed a yak
   318 | D        | Found a stormy altar of Qazlal.
   318 | D        | Found a blossoming altar of Fedhas.
   318 | D        | Found a bloodstained altar of Trog.
   318 | D        | Found an iron altar of Okawaru.
   318 | D        | Found a glowing golden altar of the Shining One.
   318 | D        | Found a glowing silver altar of Zin.
   318 | D        | Found a white marble altar of Elyvilon.
   319 | D        | Killed a yak
   320 | D        | Reached skill level 15 in Stealth
   320 | D        | Found a sparkling altar of Nemelex Xobeh.
   340 | D        | Became a worshipper of Dithmenos the Shadowed
   355 | D        | Noticed a centaur warrior
   355 | D        | Noticed a centaur warrior
   356 | D        | Killed a centaur warrior
   357 | D        | Reached skill level 10 in Hexes
   357 | D        | Reached XP level 7. HP: 32/32 MP: 19/22
   357 | D        | Reached XP level 8. HP: 36/36 MP: 20/24
   357 | D        | Killed a centaur warrior
   487 | D        | Noticed a hornet
   490 | D        | Killed a hornet
   490 | D        | Reached * piety under Dithmenos
   491 | D        | Reached skill level 10 in Dodging
   501 | D        | Noticed an oklob plant
   503 | D        | Killed an oklob plant
   504 | D        | Reached XP level 9. HP: 39/39 MP: 26/26
   513 | D        | Reached ** piety under Dithmenos
   539 | D        | Noticed an unseen horror
   541 | D        | Noticed an unseen horror
   546 | D        | Killed an unseen horror
   549 | D        | Killed an unseen horror
   550 | D        | Reached skill level 10 in Short Blades
   792 | D        | Reached *** piety under Dithmenos
   808 | D        | Reached skill level 1 in Invocations
   811 | D        | Reached **** piety under Dithmenos
  1089 | D        | Reached ***** piety under Dithmenos
  1107 | D        | Learned a level 3 spell: Confusing Touch
  1169 | D        | Found Voryibbe's Distillery.
  1176 | D        | Found Womm's Magic Scroll Emporium.
  1177 | D        | Found Desud's Book Emporium.
  1188 | D        | Identified the +5 plate armour "Zaarohig" {rPois rN+ MP-9
                  | Int+4}
  1196 | D        | Found Titeg's Weapon Shoppe.
  1196 | D        | Found Macimmo's General Store.
  1196 | D        | Found Arodus's Antique Weapon Boutique.
  1198 | D        | Found Yskodin's Jewellery Emporium.
  1198 | D        | Found Vauthroli's Book Shop.
  1198 | D        | Found Merol's Weapon Shoppe.
  1198 | D        | Found Eptazem's General Store.
  1198 | D        | Found Toerosuwy's Weapon Emporium.
  1198 | D        | Found Osaquz's Book Shop.
  1198 | D        | Found Urphekya's General Store.
  1202 | D        | Found Ikluckeh's Antique Weapon Boutique.
  1223 | D        | Bought a ring of protection from fire for 250 gold pieces
  1223 | D        | Bought a ring of poison resistance for 200 gold pieces
  1262 | D        | Noticed a deep troll
  1267 | D        | Killed a deep troll
  1268 | D        | Reached XP level 10. HP: 43/44 MP: 23/29
  1308 | D        | Found Xotas's Armour Emporium.
  1315 | D        | Bought a +2 hat for 160 gold pieces
  1337 | D        | Learned a level 3 spell: Dazzling Flash
  1341 | D        | Learned a level 3 spell: Tukima's Dance
  1345 | D        | Learned a level 3 spell: Frozen Ramparts
  1345 | D        | Noticed Sonja
  1348 | D        | Killed Sonja
  1349 | D        | Reached skill level 15 in Spellcasting
  1349 | D        | Reached skill level 5 in Invocations
  1370 | D        | Found Enoceucym's Distillery.
  1683 | D        | Found a viscous altar of Jiyva.
  1683 | D        | Found a corrupted altar of Lugonu.
  1684 | D        | Found a burning altar of Makhleb.
  1684 | D        | Found a shimmering altar of Xom.
  1702 | D        | Reached ****** piety under Dithmenos
  1719 | D        | Reached skill level 1 in Fighting
  1733 | D        | Noticed a gargoyle
  1742 | D        | Killed a gargoyle
  1743 | D        | Reached skill level 15 in Dodging
  1839 | D        | Noticed a lorocyproca
  1844 | D        | Killed a lorocyproca
  1882 | D        | Noticed a lindwurm
  1884 | D        | Killed a lindwurm
  1885 | D        | Reached skill level 5 in Ice Magic
  1885 | D        | Reached XP level 11. HP: 52/52 MP: 32/32
  2192 | D        | Noticed a 12-headed hydra
  2194 | D        | Killed a 12-headed hydra
  2195 | D        | Reached skill level 5 in Fighting
  2257 | D        | Noticed a shadow dragon
  2257 | D        | Noticed a golden dragon
  2281 | D        | Slain by a shadow dragon

Illustrated notes

Levels and vault maps discovered:
D:        dungeon_sprint_1 [red_sonja_temple_1, red_sonja_temple_small_1]

Skill      XL: |  1  2  3  4  5  6  7  8  9 10 11 |
---------------+----------------------------------+-----
Stealth        | 7 11 14 15 | 15.0
Spellcasting   | 4 6 7 11 12 14 16 | 16.9
Hexes          | 5 6 8 10 12 14 | 14.0
Short Blades   | 6 8 10 | 10.0
Dodging        | 7 10 13 15 16 | 16.3
Invocations    | 4 7 8 |  8.9
Ice Magic      | 5 6 |  6.2
Fighting       | 3 5 |  5.1

Action                   |  1- 3 |  4- 6 |  7- 9 | 10-12 || total
-------------------------+-------+-------+-------+-------++-------
Melee: Dagger            |     6 |     4 |    41 |    68 ||   119
       Punch             |       |       |       |     1 ||     1
 Cast: Ensorcelled Hiber |     2 |     1 |    13 |     1 ||    17
       Confusing Touch   |       |       |     4 |     4 ||     8
       Frozen Ramparts   |       |       |       |     2 ||     2
Invok: Shadow Step       |       |       |       |     1 ||     1
  Use: Potion            |     1 |       |     1 |     3 ||     5
       Scroll            |       |     1 |       |       ||     1
 Stab: Sleeping          |     1 |     4 |    19 |    19 ||    43
       Confused          |       |       |     3 |     3 ||     6
Armor: Robe              |       |       |     2 |       ||     2
Dodge: Dodged            |     4 |       |    24 |    30 ||    58
